 Dungeon Crawl Stone Soup version 0.27-a0-334-g52645efa06 (webtiles) character file.

Game seed: 9108903578883506875

582 wakim the Changer (level 7, 0/43 HPs)
             Began as an Octopode Transmuter on Feb 13, 2021.
             Was an Initiate of Gozag.
             Killed from afar by a white imp (7 damage)
             ... with a puff of frost
             ... on level 4 of the Dungeon.
             The game lasted 00:20:53 (6585 turns).

wakim the Changer (Octopode Transmuter)             Turns: 6585, Time: 00:20:53

Health: 0/43       AC:  2    Str:  9    XL:     7   Next: 36%
Magic:  11/13      EV: 20    Int: 23    God:    Gozag
Gold:   563        SH:  0    Dex: 18    Spells: 10/14 levels left

rFire    . . .     SeeInvis .     - Unarmed
rCold    . . .     Faith    .   (shield currently unavailable)
rNeg     . . .     Spirit   .   (helmet currently unavailable)
rPois    .         Reflect  .   (no amulet)
rElec    .         Harm     .   r - ring of poison resistance
rCorr    .         Rampage  .   u - +6 ring of intelligence
Will     .....                  (no ring)
Stlth    +++.......             (no ring)
HPRegen  0.14/turn              (no ring)
MPRegen  0.13/turn              (no ring)
                                (no ring)
                                (no ring)

@: spider-form, gold aura
A: tiny, almost no armour, stealthy swim, (amphibious), 8 rings, (constrict 8)
a: End Transformation, Renounce Religion, Potion Petition, Call Merchant, Bribe
Branch


You were on level 4 of the Dungeon.
You worshipped Gozag.
Gozag was pleased with you.
You were a venomous arachnid creature.
You visited 1 branch of the dungeon, and saw 5 of its levels.

You collected 581 gold pieces.
You paid 18 gold pieces to Gozag.

Inventory:

Missiles
 g - 4 silver boomerangs
 p - 8 boomerangs (quivered)
Armour
 f - a +0 buckler (melded)
Jewellery
 r - a ring of poison resistance (left front leg)
 u - a +6 ring of intelligence (right front leg)
Wands
 m - a wand of charming (5)
 w - a wand of flame (18)
Scrolls
 a - 3 scrolls of teleportation
 b - a scroll of amnesia {unknown}
 c - 3 scrolls of fear {unknown}
 d - 2 scrolls of identify
 e - 2 scrolls of immolation {unknown}
 i - a scroll of blinking {unknown}
 k - a scroll of fog {unknown}
 n - a scroll of enchant weapon {unknown}
 o - a scroll of magic mapping {unknown}
 q - a scroll of noise {unknown}
Potions
 h - 2 potions of invisibility
 j - a potion of haste
 l - a potion of ambrosia
 s - a potion of cancellation {unknown}
 t - a potion of flight {unknown}
 v - a potion of might {unknown}


   Skills:
 - Level 1.0 Fighting
 - Level 2.0 Dodging
 - Level 4.0 Stealth
 * Level 3.7 Shields
 - Level 3.0 Unarmed Combat
 - Level 4.0 Spellcasting
 + Level 4.2 Transmutations
 - Level 2.0 Poison Magic


You had 10 spell levels left.
You knew the following spells:

 Your Spells              Type           Power        Failure   Level
a - Beastly Appendage     Tmut           48%          8%          1
b - Spider Form           Tmut/Pois      9%           22%         3

Your spell library contained the following spells:

 Spells                   Type           Power        Failure   Level
 Wereblood                Tmut           24%          10%         2
 Confusing Touch          Hex            4%           52%         3
 Gell's Gravitas          Tloc           2%           52%         3
 Ice Form                 Ice/Tmut       14%          63%         4
 Petrify                  Tmut/Erth      14%          63%         4
 Blade Hands              Tmut           12%          67%         5
 Yara's Violent Unravell  Hex/Tmut       7%           90%         5
 Metabolic Englaciation   Hex/Ice        2%           99%         5


Dungeon Overview and Level Annotations

Branches:
Dungeon (5/15)
 Temple: D:4-7

Altars:
Gozag
Okawaru
Ru
Vehumet
Yredelemnul
The Shining One


Innate Abilities, Weirdness & Mutations

You cannot wear most types of armour.
You are very stealthy in the water. (Stealth+)
((You are amphibious.))
You can wear up to eight rings at the same time.
((You can use your tentacles to constrict eight enemies at once.))
((Your skin changes colour to match your surroundings (Stealth+).))
((Your rubbery body absorbs attacks. (AC +1, EV +1)))


Message History

There is a stone staircase leading down here.
You climb downwards.
An adder, a hound and a white imp come into view.
The white imp shouts!
The hound barks!
The adder hisses angrily.
Found a stone staircase leading up.
There is a stone staircase leading up here.
You closely miss the white imp. Your grab misses the white imp.
Casting: Spider Form (dangerous; 9% risk of failure)
Confirm with . or Enter, or press ? or * to list all spells.
You turn into a venomous arachnid creature.
Your +0 buckler melds into your body.
The white imp barely misses you.
You barely miss the white imp. The white imp closely misses you.
The hound completely misses you. The hound barely misses you.
The white imp hits you. The white imp freezes you. The adder bites you.
You climb upwards.
There is a stone staircase leading down here.
You hit the adder.
The adder is poisoned.
The adder is severely wounded.
The hound bites you. The white imp gestures at you. The puff of frost hits you!
The adder completely misses you. The hound bites you.
You hit the adder.
You kill the adder!
The white imp hits you. The white imp freezes you.
* * * LOW HITPOINT WARNING * * *
The hound barely misses you.
You barely miss the hound. The hound barely misses you.
The white imp gestures at you. The puff of frost hits you!
* * * LOW HITPOINT WARNING * * *
The hound closely misses you.
You closely miss the hound. The white imp misses you. The hound bites you.
* * * LOW HITPOINT WARNING * * *
You barely miss the hound. The hound misses you. The white imp gestures at you.
The puff of frost hits you!
You die...
Your body crumbles into a pile of gold.

....##.....###..........#......#.
...###......#..................#.
##.##..........................##
#..............................#>
#..........#.....................
##........###............###..###
#.....<....###..........###...###
...........###.$.h.....###....##.
#.#.........##.5s..............#.
#.#..........##.............#...#
###....................[...##...#
##.##....................#...##
###...................#.#...##
##....................####...
#.............###......###...
#..............#........#....
##...................#.....##


You could see a hound and a white imp.

Vanquished Creatures
  A howler monkey (D:4)
  A centaur skeleton (D:4)
  Crazy Yiuf (D:3)
  A hound (D:4)
  Ijyb (D:3)
  4 iguanas
  2 orc wizards
  2 worker ants (D:4)
  Terence (D:3)
  3 gnolls (D:4)
  6 adders
  3 oozes
  5 worms
  2 dart slugs
  2 leopard geckos
  4 orcs (D:4)
  2 ball pythons
  18 bats
  2 giant cockroaches
  11 goblins
  10 hobgoblins
  6 jackals (D:1)
  8 kobolds
  6 frilled lizards
  6 rats
108 creatures vanquished.

Notes
Turn   | Place    | Note
-------+----------+-------------------------------------------
     0 | D:1      | wakim the Octopode Transmuter began the quest for the Orb.
     0 | D:1      | Reached XP level 1. HP: 13/13 MP: 3/3
   259 | D:1      | Reached skill level 1 in Stealth
   259 | D:1      | Reached XP level 2. HP: 12/18 MP: 5/5
  1129 | D:1      | Reached XP level 3. HP: 21/23 MP: 6/6
  1133 | D:1      | Learned a level 3 spell: Spider Form
  2002 | D:2      | Found an opulent altar of Gozag.
  2010 | D:2      | Reached XP level 4. HP: 13/28 MP: 7/7
  2183 | D:2      | Became a worshipper of Gozag Ym Sagoz the Greedy
  2540 | D:2      | Reached skill level 1 in Shields
  3387 | D:2      | Reached XP level 5. HP: 28/33 MP: 6/9
  3642 | D:3      | Noticed Terence
  3668 | D:3      | Killed Terence
  3919 | D:3      | Noticed Ijyb
  3936 | D:3      | Killed Ijyb
  3937 | D:3      | Reached skill level 1 in Poison Magic
  4114 | D:3      | Found a runed translucent door.
  4115 | D:3      | Noticed Crazy Yiuf
  4124 | D:3      | Paralysed by Crazy Yiuf for 2 turns
  4128 | D:3      | Killed Crazy Yiuf
  4129 | D:3      | Reached XP level 6. HP: 8/38 MP: 4/10
  5237 | D:4      | Reached XP level 7. HP: 22/43 MP: 10/12
  5246 | D:3      | HP: 2/43 [poisoned by a worker ant]
  5521 | D:4      | Found a radiant altar of Vehumet.
  5527 | D:4      | Found an iron altar of Okawaru.
  5536 | D:4      | Found a basalt altar of Yredelemnul.
  5545 | D:4      | Found a sacrificial altar of Ru.
  5551 | D:4      | Found a glowing golden altar of the Shining One.
  6119 | D:4      | HP: 2/43 [gnoll/+2 long sword of protection (10)]
  6575 | D:5      | Entered Level 5 of the Dungeon
  6585 | D:4      | Killed from afar by a white imp

Illustrated notes

Levels and vault maps discovered:
D:1:      minmay_arrival_four_circles, layout_basic, st_stairs_9,
          minmay_misc_feat_plants, due_unseen_surprise
D:2:      minmay_angry_zag, layout_basic, grunt_gozag_statues
D:3:      layout_loops_ring, grunt_ministairs_8, uniq_crazy_yiuf_cottage,
          uniq_ijyb, uniq_terence
D:4:      layout_cave_pools, minitemple, kennysheep_decorative_pillar
D:5:      layout_cave_pods

Skill      XL: |  1  2  3  4  5  6  7 |
---------------+----------------------+-----
Stealth        | 1 2 3 4 |  4.0
Transmutations | 3 4 |  4.2
Shields        | 1 2 3 |  3.7
Spellcasting   | 3 4 |  4.0
Poison Magic   | 1 2 |  2.0
Fighting       | |  1.0
Dodging        | |  2.0
Unarmed Combat | |  3.0

Action                   |  1- 3 |  4- 6 |  7- 9 || total
-------------------------+-------+-------+-------++-------
Melee: Unarmed           |   111 |   169 |    52 ||   332
       Constrict         |    21 |    12 |     1 ||    34
       Tentacles         |     7 |    13 |       ||    20
       Kick              |     2 |       |       ||     2
       Punch             |     2 |       |       ||     2
Throw: Stone             |    16 |       |       ||    16
       Boomerang         |    18 |     6 |       ||    24
 Cast: Beastly Appendage |     2 |       |       ||     2
       Spider Form       |     3 |    20 |     5 ||    28
  Use: Potion            |       |     1 |     2 ||     3
       Scroll            |       |     4 |       ||     4
 Stab: Sleeping          |     4 |    14 |       ||    18
Armor: Skin              |    20 |    14 |       ||    34
Dodge: Dodged            |    79 |   114 |    48 ||   241
Block: Buckler           |     3 |     5 |     4 ||    12

Table legend: (Time is in decaauts)
 A = Elapsed time spent in this place.
 B = Non-inter-level travel time spent in this place.
 C = Inter-level travel time spent in this place.
 D = Time resting spent in this place.
 E = Time spent auto-exploring this place.
 F = Levels seen in this place.
 G = Mean time per level.
                   A        B        C        D        E       F      G
               +--------+--------+--------+--------+--------+-----+--------+
         Total |   6583 |   6389 |    194 |   2874 |   2293 |   5 | 1316.6 |
       Dungeon |   6583 |   6389 |    194 |   2874 |   2293 |   5 | 1316.6 |
               +--------+--------+--------+--------+--------+-----+--------+

Top non-repeatable levels by time:
     D:3: 2095 daAuts
     D:1: 1905 daAuts
     D:2: 1700 daAuts
     D:4: 878 daAuts
     D:5: 4 daAuts
